 Dungeon Crawl Stone Soup version 0.22-a0-377-g846bec1 (webtiles) character file.

53 aspa the Skirmisher (level 3, -10/24 HPs)
             Began as a Gargoyle Monk on Apr 27, 2018.
             Killed by divine providence
             ... invoked by an orc priest
              (15 damage)
             ... on level 2 of the Dungeon.
             The game lasted 00:03:32 (1518 turns).

aspa the Skirmisher (Gargoyle Monk)                 Turns: 1518, Time: 00:03:32

Health: -10/24     AC:  6    Str: 15    XL:     3   Next: 89%
Magic:  3/3        EV: 13    Int: 10    God:
Gold:   53         SH:  0    Dex: 12    Spells: 2/2 levels left

rFire    . . .     SeeInvis .     - Unarmed
rCold    . . .     Gourm    .   (no shield)
rNeg     + . .     Faith    .   a - +1 robe
rPois    ∞         Spirit   .   (no helmet)
rElec    +         Reflect  .   (no cloak)
rCorr    .         Harm     .   (no gloves)
MR       .....                  (no boots)
Stlth    +++.......             (no amulet)
HPRegen  0.08/turn              i - ring of stealth
MPRegen  0.08/turn              (no ring)

@: no status effects
A: negative energy resistance 1, electricity resistance, unbreathing,
petrification resistance, rot immunity, AC +3
a: no special abilities


You were on level 2 of the Dungeon.
You were very hungry.

You visited 1 branch of the dungeon, and saw 3 of its levels.

You collected 53 gold pieces.

Inventory:

Armour
 a - a +1 robe (worn)
Jewellery
 i - a ring of stealth (left hand)
Scrolls
 c - 3 scrolls of identify {unknown}
 g - a scroll of enchant weapon {unknown}
 h - a scroll of amnesia {unknown}
 j - a scroll of remove curse {unknown}
Comestibles
 b - 4 rations


   Skills:
 + Level 3.9 Fighting
 + Level 2.7 Dodging
 + Level 2.4 Stealth
 + Level 3.9 Unarmed Combat


You had 2 spell levels left.
You didn't know any spells.

Dungeon Overview and Level Annotations

Branches:
Dungeon (3/15)

Altars:


Innate Abilities, Weirdness & Mutations

You are resistant to torment.
Your stone body is resilient. (AC +3)
You are immune to poison.
You resist negative energy. (rN+)
You are resistant to electric shocks. (rElec)
You can survive without breathing.
You are immune to petrification.
You are immune to rotting.


Message History

* * * LOW HITPOINT WARNING * * *
You hit the orc priest but do no damage.
The orc priest is lightly wounded.
The orc priest completely misses you.
You hit the orc priest but do no damage.
The orc priest is lightly wounded.
The orc priest hits you but does no damage.
You are feeling very hungry.
You barely miss the orc priest.
The orc priest is lightly wounded.
As you read the scroll labeled QIOFEF RIMYDUTS, it crumbles to dust.
It is a scroll of enchant armour.
Your +0 robe glows green for a moment.
The orc priest casts a cantrip, but nothing happens.
As you read the scroll labeled USKORU SARITS, it crumbles to dust.
The scroll dissolves into smoke.
It was a scroll of fog.
The orc priest invokes the aid of Beogh against you.
Beogh smites you!
Ouch! That really hurt!
You die...

##### ....# ###.#
###.############.#
.................#
##########.######
#.###########.#
#....§§@ooo...#
###############


You could see an orc priest and an orc.

Vanquished Creatures
  An orc wizard (D:2)
  2 adders (D:2)
  A dart slug (D:1)
  An orc (D:2)
  2 bats (D:1)
  2 giant cockroaches
  4 hobgoblins (D:1)
  A jackal (D:2)
  8 kobolds
  A quokka (D:2)
  2 frilled lizards (D:1)
  4 goblins (D:1)
  A rat (D:1)
30 creatures vanquished.

Notes
Turn   | Place    | Note
-------+----------+-------------------------------------------
     0 | D:1      | aspa the Gargoyle Monk began the quest for the Orb.
     0 | D:1      | Reached XP level 1. HP: 14/14 MP: 1/1
    91 | D:1      | Reached XP level 2. HP: 19/19 MP: 2/2
   342 | D:1      | Reached XP level 3. HP: 13/24 MP: 3/3
  1518 | D:2      | Killed from afar by an orc priest

Vault maps used:
D:1:      dpeg_arrival_fog, minmay_misc_feat_plants,
          kennysheep_decorative_pillar, minmay_tromino_i4
D:3:      uniq_robin, uniq_sigmund, uniq_natasha

Action                   || total
-------------------------++-------
Melee: Unarmed           ||   136
       Punch             ||     1
  Use: Scroll            ||     2
       Potion            ||     1
 Stab: Sleeping          ||     3
  Eat: Chunk             ||     1
Armor: Robe              ||    31
Dodge: Dodged            ||    88

Table legend:
 A = Spawn XP
 B = Non-spawn XP
 C = Spawn XP percentage of total XP
 D = Spawn monster count
 E = Non-spawn monster count
 F = Spawn count percentage of total count
 G = Total turns spent on level
                    A         B        C        D         E        F      G
               +---------+---------+-------+---------+---------+-------+---------
         Total |       0 |      77 |   0.0 |       0 |      30 |   0.0 |  1518
               +---------+---------+-------+---------+---------+-------+---------
           D:1 |       0 |      37 |   0.0 |       0 |      22 |   0.0 |   960
           D:2 |       0 |      40 |   0.0 |       0 |       8 |   0.0 |   537
               +---------+---------+-------+---------+---------+-------+---------
